 Dungeon Crawl Stone Soup version 0.25.1-2-g60ff931df9 (webtiles) character file.

Game seed: 8679579010950370129

309 halkony2012 the Poker (level 6, -1/56 HPs)
             Began as a Minotaur Berserker on Oct 2, 2020.
             Was a Believer of Trog.
             Slain by Grinder (6 damage)
             ... on level 4 of the Dungeon.
             The game lasted 00:07:12 (2956 turns).

halkony2012 the Poker (Minotaur Berserker)          Turns: 2956, Time: 00:07:12

Health: -1/56      AC:  9    Str: 24    XL:     6   Next: 17%
Magic:  5/5        EV:  9    Int:  4    God:    Trog [**....]
Gold:   165        SH:  3    Dex:  9    Spells: 5/5 levels left

rFire    . . .     SeeInvis .   q - -1 dagger (curse)
rCold    . . .     Gourm    .   u - +0 buckler
rNeg     . . .     Faith    .   w - +0 chain mail
rPois    .         Spirit   .   (helmet restricted)
rElec    .         Reflect  .   (no cloak)
rCorr    .         Harm     .   (no gloves)
MR       ++...                  (no boots)
Stlth    ..........             (no amulet)
HPRegen  1.18/turn              y - ring of flight
MPRegen  0.09/turn              (no ring)

@: lethally poisoned (-1 -> -1), berserk cooldown, regenerating, slowed, very
slow
A: retaliatory headbutt, horns 2
a: Berserk, Trog's Hand, Renounce Religion, Evoke Flight


You were on level 4 of the Dungeon.
You worshipped Trog.
Trog was pleased with you.
You were near starving.

You visited 1 branch of the dungeon, and saw 4 of its levels.

You collected 165 gold pieces.

Inventory:

Hand Weapons
 a - a +0 spear
 d - a +1 dagger of venom
 o - a +0 scythe
 q - a cursed -1 dagger (weapon)
Armour
 b - a +0 animal skin
 t - a +0 ring mail
 u - a +0 buckler (worn)
 w - a +0 chain mail (worn)
Jewellery
 y - a ring of flight (left hand)
 z - an uncursed ring of ice
Scrolls
 e - 4 scrolls of teleportation {unknown}
 h - 2 scrolls of fog {unknown}
 i - 4 scrolls of remove curse {unknown}
 j - 3 scrolls of identify {unknown}
 m - 2 scrolls of immolation {unknown}
 n - 3 scrolls of magic mapping {unknown}
 x - a scroll of enchant armour {unknown}
 A - 3 scrolls of amnesia {unknown}
Potions
 f - a potion of mutation {unknown}
 g - 2 potions of stabbing {unknown}
 k - 3 potions of curing {unknown}
 l - 2 potions of lignification {unknown}
 p - 2 potions of resistance {unknown}
 r - a potion of invisibility {unknown}
 s - a potion of degeneration {unknown}
Comestibles
 c - 5 rations
 v - 4 chunks of flesh


   Skills:
 + Level 5.0 Fighting
 + Level 0.8 Short Blades
 - Level 5.4 Polearms
 + Level 4.2 Armour
 + Level 3.7 Dodging
 + Level 0.7 Shields


You had 5 spell levels left.
You didn't know any spells.
Your spell library was empty.

Dungeon Overview and Level Annotations

Branches:
Dungeon (4/15)
 Temple: D:4-7

Altars:

Annotations:
D:4 Grinder


Innate Abilities, Weirdness & Mutations

You reflexively headbutt those who attack you in melee.
You have a pair of horns on your head.


Message History

You barely miss Grinder.
Grinder is lightly wounded.
Grinder hits you but does no damage.
You puncture Grinder!
Grinder is heavily wounded.
You are no longer berserk.
You are exhausted.
You feel yourself slow down. Grinder hits you.
You writhe in agony.
* * * LOW HITPOINT WARNING * * *
You hit Grinder. Your headbutt misses Grinder.
Grinder is heavily wounded.
You feel sick. Grinder hits you.
* * * LOW HITPOINT WARNING * * *
You writhe in agony.
* * * LOW HITPOINT WARNING * * *
Your skin crawls.
You feel resistant to hostile enchantments.
You are near starving!
Grinder misses you. Grinder hits you.
You die...

## #.##
#..## #...##
.# #....##
.# ##....##
.# ##.÷..#
.# #.5..##.#
#.#@..#.#
###.....#.#
.........†.#
########.###
#.# ..# ####


You could see Grinder.

Vanquished Creatures
  Sigmund (D:2)
  An orc priest (D:3)
  Terence (D:3)
  4 adders
  2 oozes (D:1)
  A worm (D:3)
  2 leopard geckos
  2 orcs (D:3)
  2 giant cockroaches
  4 goblins
  2 hobgoblins (D:1)
  7 jackals
  A quokka (D:4)
  3 ball pythons
  6 bats
  A frilled lizard (D:3)
  3 kobolds (D:2)
  5 rats
48 creatures vanquished.

Notes
Turn   | Place    | Note
-------+----------+-------------------------------------------
     0 | D:1      | halkony2012 the Minotaur Berserker began the quest for the
                  | Orb.
     0 | D:1      | Reached XP level 1. HP: 19/19 MP: 0/0
    40 | D:1      | Reached XP level 2. HP: 24/27 MP: 1/1
   796 | D:2      | Reached XP level 3. HP: 33/33 MP: 2/2
  1060 | D:2      | Noticed Sigmund
  1070 | D:2      | Killed Sigmund
  1070 | D:2      | Reached skill level 5 in Polearms
  1070 | D:2      | Reached XP level 4. HP: 19/41 MP: 3/3
  1070 | D:2      | Reached XP level 5. HP: 21/47 MP: 4/4
  1292 | D:2      | Reached ** piety under Trog
  1507 | D:2      | Found a faded altar of an unknown god.
  1891 | D:3      | Noticed Terence
  1905 | D:3      | Killed Terence
  2619 | D:3      | Reached XP level 6. HP: 51/55 MP: 5/5
  2621 | D:3      | Reached skill level 5 in Fighting
  2925 | D:4      | Noticed Grinder
  2956 | D:4      | Slain by Grinder

Illustrated notes

Levels and vault maps discovered:
D:1:      heliophobic_arrival_ceremonial_halls, layout_loops_ring,
          feat_on_display
D:2:      layout_loops_corners, chequers_ecumenical_altar_island, first_ration,
          makhleb_blood_cavern_becter, uniq_natasha, uniq_sigmund
D:3:      layout_loops_corners, uniq_terence
D:4:      layout_loops_ring, old_standard_altar, nrook_mini_backslash,
          uniq_grinder

Skill      XL: |  1  2  3  4  5  6 |
---------------+-------------------+-----
Fighting       | 4 5 |  5.0
Polearms       | 4 5 |  5.4
Armour         | 3 4 |  4.2
Dodging        | 3 |  3.7
Short Blades   | |  0.8
Shields        | |  0.7

Action                   |  1- 3 |  4- 6 || total
-------------------------+-------+-------++-------
Melee: Spear             |    60 |    29 ||    89
       Headbutt          |     7 |    15 ||    22
       Dagger            |       |    85 ||    85
Invok: Berserk           |     1 |     1 ||     2
       Trog's Hand       |       |     1 ||     1
 Stab: Sleeping          |       |     1 ||     1
  Eat: Chunk             |       |     7 ||     7
Armor: Animal skin       |     8 |     5 ||    13
       Chain mail        |       |    19 ||    19
Dodge: Dodged            |    20 |    47 ||    67
Block: Buckler           |       |     5 ||     5
